 Dungeon Crawl Stone Soup version 0.17-a0-1914-gde4187c (webtiles) character file.

240 pk666 the Magician (level 5, -25/28 HPs)
             Began as a Deep Elf Wizard on Sept 26, 2015.
             Annihilated by an ogre
             ... wielding a +0 giant club
              (26 damage)
             ... on level 4 of the Dungeon.
             The game lasted 00:18:29 (4506 turns).

pk666 the Magician (Deep Elf Wizard)                Turns: 4506, Time: 00:18:29

Health: -25/28     AC:  7    Str:  4    XL:     5   Next: 79%
Magic:  5/15       EV: 12    Int: 24    God:
Gold:   97         SH:  0    Dex: 13    Spells: 5 memorised, 5 levels left

rFire  . . .     SeeInvis .     h - +0 dagger
rCold  . . .     Clarity  .     a - +0 robe
rNeg   . . .     SustAt   .     (no shield)
rPois  .         Gourm    .     v - +2 hat
rElec  .         Spirit   .     (no cloak)
rCorr  .         Warding  .     o - +2 pair of gloves
rMut   .         Stasis   .     (no boots)
MR     .....                    (no amulet)
Stlth  ++........               (no ring)
                                (no ring)

@: repel missiles, not resistant to hostile enchantments, unstealthy
A: no striking features
a: no special abilities


You were on level 4 of the Dungeon.
You were not hungry.

You visited 1 branch of the dungeon, and saw 5 of its levels.

You collected 97 gold pieces.

Inventory:

Hand weapons
 h - a +0 dagger (weapon)
Armour
 a - a +0 robe (worn)
 o - a +2 pair of gloves (worn)
 v - a +2 hat (worn)
Magical devices
 t - a wand of random effects (30)
Scrolls
 f - a scroll of enchant armour {unknown}
 g - 5 scrolls of identify {unknown}
 k - 2 scrolls of remove curse {unknown}
 p - a scroll of teleportation {unknown}
 q - a scroll of enchant weapon {unknown}
 s - a scroll of fear {unknown}
Potions
 e - a potion of brilliance {unknown}
 i - a potion of curing {unknown}
 l - a potion of haste {unknown}
 m - a potion of heal wounds {unknown}
 r - a potion of might {unknown}
 u - 2 potions of poison {unknown}
Books
 b - a book of Envenomations

   Spells                             Type                      Level
   a - Spider Form                    Transmutation/Poison         3
   b - Alistair's Intoxication        Transmutation/Poison         4
   c - Olgreb's Toxic Radiance        Poison                       4
   d - Poisonous Cloud                Conjuration/Poison/Air       6
 c - a book of Minor Magic

   Spells                             Type                      Level
   a - Magic Dart                     Conjuration                  1
   b - Blink                          Translocation                2
   c - Call Imp                       Summoning                    2
   d - Repel Missiles                 Charms/Air                   2
   e - Slow                           Hexes                        2
   f - Conjure Flame                  Conjuration/Fire             3
   g - Mephitic Cloud                 Conjuration/Poison/Air       3
Comestibles
 d - a bread ration
 j - a beef jerky
 n - 4 meat rations
 w - a chunk of flesh


   Skills:
 - Level 2.4 Dodging
 - Level 2.4 Stealth
 + Level 6.1 Spellcasting
 + Level 3.7 Conjurations
   Level 1.1 Summonings
 - Level 1.1 Translocations
 + Level 2.2 Air Magic
 + Level 2.3 Poison Magic


You had 5 spell levels left.
You knew the following spells:

 Your Spells              Type           Power        Failure   Level  Hunger
d - Conjure Flame         Conj/Fire      ###.....     14%         3    #......
q - Blink                 Tloc           N/A          10%         2    None
w - Repel Missiles        Chrm/Air       ##....       10%         2    None
x - Mephitic Cloud        Conj/Pois/Air  ###.....     10%         3    #......
z - Magic Dart            Conj           ####         1%          1    None


Dungeon Overview and Level Annotations

Branches:
Dungeon (5/15)
 Temple: D:4-7

Altars:
Makhleb

Annotations:
D:3 PeterLawrence's ghost, average MiFi
D:4 kosy22's ghost, experienced DrFi


Message History

Aiming: Magic Dart
Press: ? - help, Shift-Dir - straight line, f/p - orc priest
Aim: an orc priest, wielding a dagger and wearing a scale mail (noxious fumes, moderately wounded, confused)
The magic dart hits the orc priest.
The orc priest is moderately wounded.
The orc priest mumbles some strange prayers to Beogh against you.
Something smites you!
The orc priest is engulfed in noxious fumes.
The orc priest appears confused.
The orc priest hits the orc priest with a dagger.
The orc priest mumbles some strange prayers to Beogh against you.
Something smites you!
Ouch! That really hurt!
* * * LOW HITPOINT WARNING * * *
There is a stone staircase leading up here.
You climb upwards.
Level annotation: kosy22's ghost, experienced DrFi The ogre hits you with a giant club!!
Ouch! That really hurt!
You die...

#.........#
#.......#.#
#.......#.#
#.......#O#
###.#####.# ..#
#.# ### #.#
####[###...
#@.O.!.....#
#......O..#.#....
#.#.#...#..... .O
#.......#.#..
###..####.#....
.... # ... #####
.#


You could see 2 ogres.

Vanquished Creatures
  An orc priest (D:3)
  2 orc wizards
  Natasha (thrice) (D:3)
  5 adders
  An ooze (D:3)
  A worm (D:2)
  3 giant geckos
  7 orcs
  6 bats
  5 giant cockroaches
  8 goblins
  5 hobgoblins
  4 jackals (D:3)
  2 ball pythons
  3 giant newts
  5 kobolds
  5 rats
66 creatures vanquished.

Notes
Turn   | Place    | Note
--------------------------------------------------------------
     0 | D:1      | pk666 the Deep Elf Wizard began the quest for the Orb.
     0 | D:1      | Reached XP level 1. HP: 10/10 MP: 7/7
   535 | D:1      | Reached XP level 2. HP: 15/15 MP: 7/9
  1421 | D:2      | Reached skill level 5 in Spellcasting
  1679 | D:2      | Reached XP level 3. HP: 19/19 MP: 5/11
  1683 | D:2      | Learned a level 2 spell: Blink
  1686 | D:2      | Learned a level 2 spell: Repel Missiles
  1690 | D:2      | Learned a level 3 spell: Conjure Flame
  1694 | D:2      | Learned a level 3 spell: Mephitic Cloud
  2186 | D:3      | Reached skill level 1 in Air Magic
  2193 | D:3      | Reached XP level 4. HP: 24/24 MP: 0/13
  2330 | D:3      | Noticed Natasha
  2335 | D:3      | Killed Natasha
  2335 | D:3      | Reached skill level 1 in Poison Magic
  2406 | D:3      | Noticed Natasha
  2414 | D:3      | Killed Natasha
  2492 | D:3      | Noticed Natasha
  2495 | D:3      | Killed Natasha
  2659 | D:3      | Reached XP level 5. HP: 28/28 MP: 8/15
  2778 | D:3      | Noticed PeterLawrence's ghost (average MiFi)
  3171 | D:3      | Found a burning altar of Makhleb.
  3171 | D:3      | Noticed an Executioner
  3690 | D:4      | Noticed an ogre
  3693 | D:4      | Noticed a phantom
  3754 | D:4      | Noticed kosy22's ghost (experienced DrFi)
  4108 | D:3      | Reached skill level 6 in Spellcasting
  4355 | D:4      | Noticed an ogre
  4358 | D:4      | Noticed an ogre
  4362 | D:5      | Entered Level 5 of the Dungeon
  4500 | D:5      | HP: 1/28 [orc priest/divine providence (15)]
  4506 | D:4      | Annihilated by an ogre

Vault maps used:
D:1:      dpeg_arrival_shelter, corexii_leaking_fountain
D:2:      wad_pebble_path
D:3:      makhleb_altar_promises_db, uniq_natasha
D:5:      first_bread

Action                   |  1- 3 |  4- 6 || total
-------------------------+-------+-------++-------
Melee: Dagger            |     6 |     3 ||     9
 Cast: Magic Dart        |    81 |   123 ||   204
       Mephitic Cloud    |     2 |     7 ||     9
       Repel Missiles    |     2 |       ||     2
       Conjure Flame     |       |    12 ||    12
       Blink             |       |     3 ||     3
 Stab: Confused          |     1 |       ||     1
  Eat: Chunk             |     3 |     6 ||     9
       Beef jerky        |       |     1 ||     1
